 Dungeon Crawl Stone Soup version 0.31.0-11-ge490571c62 (webtiles) character file.

Game seed: 2892960359258404459

3082 Zeor the Sneak (level 9, -2/38 (47) HPs)
             Began as a Vine Stalker Enchanter on Jan 30, 2024.
             Was a Follower of Wu Jian.
             Slain by a wight
             ... wielding a +0 scimitar
              (5 damage)
             ... on level 7 of the Dungeon.
             The game lasted 00:26:46 (6334 turns).

Zeor the Sneak (Vine Stalker Enchanter)             Turns: 6334, Time: 00:26:47

HP:   -2/38 (47)    AC:  7    Str: 11    XL:     9   Next: 89%
MP:   0/19          EV: 13    Int: 25    God:    Wu Jian [*.....]
Gold: 131           SH:  0    Dex: 15    Spells: 6/20 levels left

rFire   + + .        a - +1 dagger (heavy)
rCold   + + .        w - orb {guile}
rNeg    . . .        C - +2 robe {rC+ rF+}
rPois   .            (no helmet)
rElec   .            n - scarf {rC+ rF+}
rCorr   +            m - +2 pair of gloves
SInv    .            (no boots)
Will    .....        g - amulet of the acrobat
Stlth   ++++         f - ring of resist corrosion
HPRegen 1.06/turn    u - +6 ring of intelligence
MPRegen 0.16/turn

%: acrobat, guardian spirit
@: about to teleport, heavily drained
A: fangs 3, regeneration 1, magic shield, antimagic bite, no potion heal 2
a: Renounce Religion


You were on level 7 of the Dungeon.
You worshipped Wu Jian.
Wu Jian was aware of your devotion.
You visited 2 branches of the dungeon, and saw 8 of its levels.

You collected 450 gold pieces.
You spent 319 gold pieces at shops.

Inventory:

Hand Weapons
 a - a +1 heavy dagger (weapon)
 s - a +2 falchion of holy wrath
Missiles
 b - a throwing net (quivered)
Armour
 h - a +0 troll leather armour {Pargi}
 m - a +2 pair of gloves (worn)
 n - a scarf of resistance (worn)
 w - an orb of guile (worn)
 x - a +2 robe of positive energy
 C - a +2 robe of resistance (worn)
Jewellery
 f - a ring of resist corrosion (left hand)
 g - an amulet of the acrobat (around neck)
 k - a ring of flight
 p - an amulet of regeneration
 q - a ring of protection from fire
 u - a +6 ring of intelligence (right hand)
 v - an amulet of faith
 D - a ring of fire
Talismans
 d - a blade talisman
Wands
 i - a wand of mindburst (19)
 j - a wand of flame (16)
 o - a wand of polymorph (7)
 y - a wand of light (12)
Scrolls
 e - a scroll of teleportation
 l - 2 scrolls of fear
 t - 2 scrolls of poison
 A - a scroll of identify
Potions
 c - a potion of invisibility
 r - a potion of berserk rage
 z - 3 potions of haste
 B - a potion of magic


   Skills:
 * Level 5.2 Fighting
 * Level 3.6 Short Blades
 + Level 2.5 Armour
 + Level 3.7 Dodging
 + Level 7.5 Stealth
 * Level 6.2 Spellcasting
 + Level 4.8 Hexes
 + Level 2.5 Ice Magic
 + Level 0.3 Air Magic
 * Level 3.8 Alchemy


You had 6 spell levels left.
You knew the following spells:

 Your Spells              Type           Power      Damage    Failure   Level
c - Mephitic Cloud        Conj/Alch/Air  14%        N/A       12%         3
d - Tukima's Dance        Hex            32%        N/A       3%          3
f - Dazzling Flash        Conj/Hex       40%        N/A       8%          3
h - Ensorcelled Hibernat  Hex/Ice        52%        N/A       2%          2
t - Confusing Touch       Hex            32%        N/A       3%          3

Your spell library contained the following spells:

 Spells                   Type           Power      Damage    Failure   Level
 Cigotuvi's Dreadful Rot  Necr/Alch/Air  28%        N/A       6%          2
 Foxfire                  Conj/Fire      32%        2x1d5     7%          1
 Magic Dart               Conj           32%        1d4       7%          1
 Blink                    Tloc           14%        N/A       11%         2
 Lesser Beckoning         Tloc           14%        N/A       11%         2
 Momentum Strike          Conj/Tloc      16%        3d8       11%         2
 Searing Ray              Conj           16%        2d5       11%         2
 Fulminant Prism          Conj/Alch      8%         3d6       32%         4
 Silence                  Hex/Air        10%        N/A       56%         5
 Dispel Undead            Necr           7%         3d8       58%         4
 Martyr's Knell           Necr/Summ      7%         N/A       58%         4
 Curse of Agony           Necr           7%         N/A       90%         5
 Death Channel            Necr           3%         N/A       100%        6
 Plasma Beam              Fire/Air       4%         2x1d14    100%        6
 Starburst                Conj/Fire      4%         6d3       100%        6


Dungeon Overview and Level Annotations

Branches:
Dungeon (7/15)             Temple (1/1) D:6

Altars:
Ashenzari
Cheibriados
Dithmenos
Elyvilon
Gozag
Hepliaklqana
Kikubaaqudgha
Makhleb
Nemelex Xobeh
Okawaru
Qazlal
Ru
Sif Muna
Trog
Uskayaw
Vehumet
Wu Jian
Xom
Yredelemnul
The Shining One

Shops:
D:6 !

Annotations:
D:6 1 exclusion
D:7 1 runed translucent door
Temple 2 transporters


Innate Abilities, Weirdness & Mutations

You have razor-sharp teeth.
Your natural rate of healing is unusually fast.
When hurt, damage is shared between your health and your magic reserves.
Your bite disrupts and absorbs the magic of your enemies.
Potions cannot restore your health.


Message History

Okay, then.
You hit the wight.
The wight is moderately damaged.
The wight hits you. The wight closely misses you.
You hit the wight. Your bite misses the wight.
The wight is heavily damaged.
The wight barely misses you. x2
You spin and attack the wight.
You hit the wight but do no damage. You bite the wight. You drain its power.
You feel invigorated.
The wight is almost destroyed.
The howler monkey closely misses you. The wight hits you.
You feel drained.
Casting: Tukima's Dance (dangerous; 3% risk of failure)
Confirm with . or Enter, or press ? or * to list all spells.
Casting: Dazzling Flash (dangerous; 8% risk of failure)
Press: ? - help, Dir - look around, f - activate The howler monkey misses you.
The wight hits you with a +0 scimitar! The wight hits you but does no damage.
Unknown command.
You spin and attack the wight.
You closely miss the wight.
The wight is almost destroyed.
You hit the wight but do no damage. Your bite misses the wight.
The wight is almost destroyed.
The howler monkey hoots and howls with incredible vigour!
The wight hits you but does no damage. The howler monkey misses you.
As you read the scroll of fear, it crumbles to dust.
You assume a fearsome visage.
The howler monkey resists with some effort.
The wight is unaffected. x3; The howler monkey misses you.
The wight hits you with a +4 mace.
You feel drained. The wight hits you.
You spin to attack the wight, but your attack speed is too slow for a blow to land.
You spin and attack the wight.
You barely miss the wight.
The wight is moderately damaged.
The wight hits you with a +0 scimitar. The wight misses you.
As you read the scroll of teleportation, it crumbles to dust.
You feel strangely unstable.
The howler monkey hoots and howls with incredible vigour!
The wight hits you with a +0 scimitar!
* * * LOW HITPOINT WARNING * * *
You feel drained.
You die... ∙∙∙∙∙∙▒ ∙>∙∙

∙∙ ▒▒▒▒▒▒∙∙∙∙∙▒∙∙∙∙∙ ∙∙
▒∙∙÷▒▒∙∙∙∙∙▒∙∙∙∙∙ ∙∙
▒)#÷▒▒∙∙∙∙∙∙∙∙∙∙∙ ∙∙
▒∙∙∙▒▒∙∙∙∙∙∙∙∙∙∙∙ ∙∙
▒▒▒∙▒▒∙∙∙∙∙∙)∙∙∙∙ ∙∙
▒∙▒▒∙∙∙∙z▒▒∙∙∙∙∙ ▒▒
▒▒∙▒▒∙)∙zh▒ ∙∙∙
▒▒∙▒▒∙∙)∙zf▒ ▒ ∙∙
▒∙÷∙∙∙∙∙∙∙∙▒ ▒∙▒∙∙∙∙∙∙
▒▒∙∙∙∙∙∙∙(∙∙▒∙ ▒∙∙∙∙∙∙∙∙
▒▒∙∙∙∙∙∙∙∙∙■~~ ▒∙∙∙∙▒∙∙∙
▒∙∙∙∙∙∙∙∙∙▒∙∙ ▒∙∙∙∙∙∙∙∙
▒∙∙∙∙∙∙∙∙▒▒▒▒ ▒∙∙∙∙∙∙∙∙
▒▒∙∙∙∙∙∙∙▒∙▒▒▒ ▒▒∙∙∙∙∙∙∙∙
▒∙∙∙∙∙▒▒▒∙∙∙▒▒▒∙∙∙∙∙∙∙∙∙
▒▒∙∙∙∙∙∙∙∙∙∙∙∙∙∙∙∙∙∙∙∙∙▒▒


You could see a howler monkey and 3 wights.

Vanquished Creatures
  Pikel (D:7)
  A dancing weapon (D:7)
  Jeremiah (D:6)
  Sigmund (D:7)
  A steam dragon (D:7)
  Duvessa (D:7)
  A water moccasin (D:7)
  A sky beast (D:7)
  Pargi (D:3)
  An orc warrior (D:7)
  A black bear (D:6)
  3 ogres
  A centaur (D:6)
  2 bullfrogs (D:7)
  A scorpion (D:5)
  Dowan (D:7)
  2 bombardier beetles
  2 orc priests (D:7)
  Crazy Yiuf (D:3)
  Jessica (D:2)
  An iguana (D:6)
  Natasha (thrice) (D:2)
  2 orc wizards
  Terence (D:3)
  2 gnolls (D:5)
  10 adders
  2 white imps (D:7)
  2 ufetubi (D:7)
  A ribbon worm (D:4)
  12 orcs
  3 bats (D:1)
  7 endoplasms
  2 giant cockroaches (D:1)
  7 goblins
  6 hobgoblins
  2 quokkas
  13 ball pythons
  10 frilled lizards
  6 kobolds
  11 rats
128 creatures vanquished.

Vanquished Creatures (collateral kills)
  Eustachio (D:5)
  2 wights (D:7)
  A gnoll bouda (D:5)
  An orc priest (D:7)
  A gnoll (D:5)
6 creatures vanquished.

Vanquished Creatures (others)
  3 dancing weapons
  A sleepcap (D:7)
  An iguana (D:7)
5 creatures vanquished.

Grand Total: 139 creatures vanquished

Notes
Turn   | Place    | Note
-------+----------+-------------------------------------------
     0 | D:1      | Zeor the Vine Stalker Enchanter began the quest for the
                  | Orb.
     0 | D:1      | Reached XP level 1. HP: 9/9 MP: 4/4
   101 | D:1      | Reached XP level 2. HP: 13/13 MP: 6/6
   111 | D:1      | Learned a level 2 spell: Ensorcelled Hibernation
   396 | D:1      | Reached skill level 4 in Stealth
   512 | D:1      | Reached XP level 3. HP: 17/17 MP: 5/7
   516 | D:1      | Learned a level 3 spell: Tukima's Dance
   547 | D:1      | Reached skill level 1 in Short Blades
  1068 | D:2      | Noticed Natasha
  1073 | D:2      | Killed Natasha
  1074 | D:2      | Reached skill level 1 in Fighting
  1193 | D:2      | Reached XP level 4. HP: 22/22 MP: 9/9
  1384 | D:2      | Noticed Natasha
  1393 | D:2      | Killed Natasha
  1445 | D:2      | Noticed Natasha
  1454 | D:2      | Killed Natasha
  1455 | D:2      | Reached XP level 5. HP: 24/25 MP: 6/10
  1849 | D:2      | Noticed Jessica
  1851 | D:2      | Killed Jessica
  2147 | D:3      | Noticed Pargi
  2166 | D:3      | Killed Pargi
  2167 | D:3      | Reached skill level 1 in Ice Magic
  2167 | D:3      | Reached XP level 6. HP: 17/30 MP: 7/12
  2340 | D:3      | Learned a level 3 spell: Confusing Touch
  2377 | D:3      | Found a runed translucent door.
  2378 | D:3      | Noticed Crazy Yiuf
  2384 | D:3      | Killed Crazy Yiuf
  2385 | D:3      | Reached skill level 1 in Armour
  2385 | D:3      | Reached skill level 5 in Stealth
  2714 | D:3      | Noticed Terence
  2716 | D:3      | Killed Terence
  3777 | D:5      | Entered Level 5 of the Dungeon
  3783 | D:5      | Found a broken altar of Ashenzari.
  3825 | D:5      | Reached XP level 7. HP: 34/35 MP: 13/13
  4221 | D:5      | Learned a level 3 spell: Mephitic Cloud
  4326 | D:5      | Noticed Eustachio
  4335 | D:5      | Killed Eustachio
  4639 | D:6      | Gained mutation: You have razor-sharp teeth. [Vine Stalker
                  | growth]
  4639 | D:6      | Reached XP level 8. HP: 40/40 MP: 15/15
  4670 | D:6      | Found a staircase to the Ecumenical Temple.
  4683 | Temple   | Found a transporter.
  4683 | Temple   | Found a transporter.
  4683 | Temple   | Found a transporter.
  4683 | Temple   | Found a transporter.
  4683 | Temple   | Entered the Ecumenical Temple
  4701 | Temple   | Became a worshipper of the Wu Jian Council
  4748 | D:6      | Reached skill level 1 in Alchemy
  4849 | D:6      | Found a hide-covered altar of Uskayaw.
  5037 | D:6      | Reached skill level 6 in Stealth
  5195 | D:6      | Noticed Jeremiah
  5211 | D:6      | Killed Jeremiah
  5212 | D:6      | Reached skill level 5 in Spellcasting
  5274 | D:6      | Learned a level 3 spell: Dazzling Flash
  5316 | D:6      | Found Fail Yro's Distillery.
  5327 | D:6      | Bought 2 potions of haste for 220 gold pieces
  5327 | D:6      | Bought a potion of degeneration for 11 gold pieces
  5327 | D:6      | Bought a potion of magic for 88 gold pieces
  5629 | D:7      | Noticed Pikel
  5639 | D:7      | Noticed Duvessa
  5641 | D:7      | Killed Pikel
  5642 | D:7      | Reached XP level 9. HP: 45/46 MP: 10/18
  5735 | D:7      | Reached skill level 7 in Stealth
  5901 | D:7      | Found a runed translucent door.
  5939 | D:7      | Noticed Dowan
  5945 | D:7      | Killed Dowan
  5971 | D:7      | Killed Duvessa
  5983 | D:7      | Reached skill level 5 in Fighting
  6086 | D:7      | Noticed Sigmund
  6091 | D:7      | Killed Sigmund
  6183 | D:7      | Reached * piety under Wu Jian
  6238 | D:7      | Found an opulent altar of Gozag.
  6238 | D:7      | Found a basalt altar of Yredelemnul.
  6245 | D:7      | Found a shadowy altar of Dithmenos.
  6247 | D:7      | Found a glowing golden altar of the Shining One.
  6249 | D:7      | Found a shimmering blue altar of Sif Muna.
  6334 | D:7      | Slain by a wight

Illustrated notes

Levels and vault maps discovered:
D:1:      lightli_iron_boxes, layout_basic
D:2:      layout_basic, minmay_splitting_lines, minmay_shallow_snake_nest,
          uniq_jessica, uniq_natasha
D:3:      minmay_diamond_boxcup, layout_rooms, serial_bayou,
          serial_bayou_crossing, serial_bayou_lagoon_b, serial_bayou_shore_b,
          serial_bayou_lake_a, uniq_pargi, uniq_crazy_yiuf_cottage, uniq_terence
D:4:      layout_basic, grunt_ministairs_1
D:5:      layout_rooms, evilmike_ruin_ashenzari, uniq_eustachio
D:6:      layout_rooms, nicolae_uskayaw_dance_hall, minmay_temple_entry_glass,
          serial_bayou, serial_bayou_shore_b, serial_bayou_pond_e,
          serial_bayou_pond_a, serial_bayou_shore_a, serial_bayou_pond_e,
          serial_bayou_pond_d, nicolae_wooded_promenade, uniq_jeremiah
D:7:      layout_basic, chequers_temple_overflow_minitemple,
          ebering_ghost_reflecting_pool, grunt_ogre_cave,
          sigmund_edmund_badplayer, uniq_pikel, uniq_duvessa
Temple:   hellmonk_temple_divided_pantheon

Skill      XL: |  1  2  3  4  5  6  7  8  9 |
---------------+----------------------------+-----
Stealth        | 4 5 6 7 |  7.5
Short Blades   | 1 2 3 |  3.6
Fighting       | 1 2 3 4 5 |  5.2
Spellcasting   | 3 4 5 6 |  6.2
Ice Magic      | 1 2 |  2.5
Armour         | 1 2 |  2.5
Dodging        | 2 3 |  3.7
Hexes          | 4 |  4.8
Alchemy        | 3 |  3.8
Air Magic      | |  0.3

Action                     |  1- 3 |  4- 6 |  7- 9 || total
---------------------------+-------+-------+-------++-------
  Melee: Dagger            |    78 |   142 |   175 ||   395
         Bite              |    25 |    32 |    39 ||    96
   Cast: Ensorcelled Hiber |    10 |     9 |    27 ||    46
         Tukima's Dance    |       |     1 |    17 ||    18
         Confusing Touch   |       |     1 |     3 ||     4
         Dazzling Flash    |       |       |     4 ||     4
         Mephitic Cloud    |       |       |     1 ||     1
Ability: Lunge             |       |       |    10 ||    10
         Whirlwind         |       |       |     3 ||     3
    Use: Scroll            |     2 |    10 |     6 ||    18
         Potion            |       |     2 |     3 ||     5
   Stab: Sleeping          |     7 |    20 |    22 ||    49
         Distracted        |       |     1 |       ||     1
         Invisible         |       |       |     4 ||     4
 Armour: Robe              |    40 |       |    78 ||   118
         Leather armour    |     1 |    36 |       ||    37
         Troll leather arm |       |    32 |   111 ||   143
  Dodge: Dodged            |    33 |    70 |   231 ||   334
